 Dungeon Crawl Stone Soup version 0.27-a0-1347-gd8886f0a89 (webtiles) character file.

Game seed: 6296177700856456161

88 Sweetruy1997 the Chopper (level 4, -2/40 HPs)
             Began as a Hill Orc Monk on June 27, 2021.
             Killed from afar by an orc wizard (8 damage)
             ... with a magic dart
             ... on level 2 of the Dungeon.
             The game lasted 00:04:57 (2877 turns).

Sweetruy1997 the Chopper (Hill Orc Monk)            Turns: 2877, Time: 00:04:57

Health: -2/40      AC:  2    Str: 13    XL:     4   Next: 53%
Magic:  4/4        EV: 12    Int: 10    God:
Gold:   115        SH:  0    Dex: 14    Spells: 3/3 levels left

rFire    . . .     SeeInvis .   j - +3 short sword (holy)
rCold    . . .     Faith    .   d - +2 buckler
rNeg     . . .     Spirit   .   b - +0 robe
rPois    .         Reflect  .   (no helmet)
rElec    .         Harm     .   (no cloak)
rCorr    .         Rampage  .   (no gloves)
Will     .....                  (no boots)
Stlth    +.........             (no amulet)
HPRegen  0.13/turn              (no ring)
MPRegen  0.09/turn              (no ring)

@: confused, mighty
A: no striking features
a: no special abilities


You were on level 2 of the Dungeon.
You visited 1 branch of the dungeon, and saw 3 of its levels.

You collected 115 gold pieces.

Inventory:

Hand Weapons
 j - a +3 short sword of holy wrath (weapon)
Armour
 b - a +0 robe (worn)
 d - a +2 buckler (worn)
Scrolls
 e - a scroll of teleportation
 f - a scroll of silence {unknown}
 h - a scroll of blinking {unknown}
Potions
 g - a potion of might
 i - a potion of cancellation {unknown}


   Skills:
 - Level 4.0 Fighting
 + Level 0.3 Short Blades
 - Level 5.4 Axes
 + Level 3.0 Dodging
 + Level 1.9 Stealth
 + Level 1.0 Shields


You had 3 spell levels left.
You didn't know any spells.
Your spell library contained the following spells:

 Spells                   Type           Power      Damage    Failure   Level
 Corona                   Hex            0%         N/A       50%         1
 Ensorcelled Hibernation  Hex/Ice        0%         N/A       63%         2
 Confusing Touch          Hex            0%         N/A       86%         3
 Dazzling Flash           Conj/Hex       0%         N/A       86%         3
 Tukima's Dance           Hex            0%         N/A       86%         3


Dungeon Overview and Level Annotations

Branches:
Dungeon (3/15)

Altars:
Dithmenos


Message History

You closely miss the orc. The orc barely misses you.
Something hits you but does no damage.
Deactivating autopickup; reactivate with Ctrl-A.
You hit the orc.
The orc is moderately wounded.
The orc hits you but does no damage. Something hits you.
The orc hits you with a +0 short sword. Something hits you.
You closely miss the orc.
The orc is moderately wounded.
The orc hits you with a +0 short sword. Something hits you.
You closely miss the orc.
The orc is moderately wounded.
The orc barely misses you. Something hits you.
You hit the orc.
The orc is heavily wounded.
The orc hits you with a +0 short sword. Something hits you.
You are too injured to fight recklessly!
You barely miss the orc.
The orc is moderately wounded.
The orc hits you with a +0 short sword.
* * * LOW HITPOINT WARNING * * *
Something hits you.
* * * LOW HITPOINT WARNING * * *
You hit the orc.
You kill the orc!
You hear some strange, mumbled words.
You are confused.
It was a potion of might.
You feel very mighty all of a sudden.
You hear some strange, mumbled words.
A magic dart appears from out of thin air!
The magic dart hits you.
* * * LOW HITPOINT WARNING * * *
You hear some strange, mumbled words.
Something tries to affect you, but you resist.
Something hits you but does no damage.
There is a stone staircase leading down, spattered with blood here.
A magic dart appears from out of thin air!
The magic dart hits you!
You die...

##....................
#............##......
#.........##..#......
#....###....#..######
###<...###.##..#...###
#...........##...#...##
#...).{...#..#.........
#....>.................
#.....@................
#............##.##.....
###..#####.#....##.(...
##.# #.#.#..###.### #.#
#.#.#...##...# #.#
#.........##.. #.#
#####.#......... #.#
#.........##....
#.###...............


There were no monsters in sight!

Vanquished Creatures
  3 adders
  A worm (D:2)
  A dart slug (D:2)
  An orc (D:2)
  2 ball pythons
  6 endoplasms
  A giant cockroach (D:1)
  6 hobgoblins
  9 jackals
  A quokka (D:1)
  A bat (D:2)
  5 frilled lizards
  5 goblins (D:1)
  A kobold (D:2)
  9 rats
52 creatures vanquished.

Vanquished Creatures (others)
  2 plants (D:1)
2 creatures vanquished.

Grand Total: 54 creatures vanquished

Notes
Turn   | Place    | Note
-------+----------+-------------------------------------------
     0 | D:1      | Sweetruy1997 the Hill Orc Monk began the quest for the Orb.
     0 | D:1      | Reached XP level 1. HP: 19/19 MP: 1/1
    90 | D:1      | Found a faded altar of an unknown god.
   310 | D:1      | Reached XP level 2. HP: 12/27 MP: 2/2
   848 | D:1      | Reached XP level 3. HP: 22/33 MP: 3/3
  1313 | D:2      | Reached skill level 5 in Axes
  2089 | D:2      | Reached XP level 4. HP: 39/40 MP: 4/4
  2235 | D:2      | Found a shadowy altar of Dithmenos.
  2865 | D:3      | Reached skill level 1 in Shields
  2877 | D:2      | Killed from afar by an orc wizard

Illustrated notes

Levels and vault maps discovered:
D:1:      denvon_arrival_planthouse, layout_rooms,
          chequers_ecumenical_altar_simple
D:2:      layout_rooms, basic_altar
D:3:      layout_rooms, gammafunk_ghost_mausoleum

Skill      XL: |  1  2  3  4 |
---------------+-------------+-----
Fighting       | 4 |  4.0
Axes           | 5 |  5.4
Dodging        | 3 |  3.0
Shields        | 1 |  1.0
Short Blades   | |  0.3
Stealth        | |  1.9

Action                   |  1- 3 |  4- 6 || total
-------------------------+-------+-------++-------
Melee: Hand axe          |   131 |    28 ||   159
       Short sword       |       |    29 ||    29
  Use: Scroll            |       |     3 ||     3
       Potion            |       |     1 ||     1
 Stab: Sleeping          |     5 |       ||     5
Armor: Robe              |    20 |     5 ||    25
Dodge: Dodged            |    81 |    42 ||   123
Block: Buckler           |    27 |    11 ||    38

Table legend: (Time is in decaauts)
 A = Elapsed time spent in this place.
 B = Non-inter-level travel time spent in this place.
 C = Inter-level travel time spent in this place.
 D = Time resting spent in this place.
 E = Time spent auto-exploring this place.
 F = Levels seen in this place.
 G = Mean time per level.
                   A        B        C        D        E       F      G
               +--------+--------+--------+--------+--------+-----+--------+
         Total |   2902 |   2790 |    112 |   1374 |   1032 |   3 |  967.3 |
       Dungeon |   2902 |   2790 |    112 |   1374 |   1032 |   3 |  967.3 |
               +--------+--------+--------+--------+--------+-----+--------+

Top non-repeatable levels by time:
     D:1: 1619 daAuts
     D:2: 1267 daAuts
     D:3: 16 daAuts
